 Dungeon Crawl Stone Soup version 0.23-a0-451-g1044d4c (webtiles) character file.

30 galech the Skirmisher (level 3, 16/29 HPs)
             Began as a Demonspawn Fighter on Nov 23, 2018.
             Quit the game on level 2 of the Dungeon.
             The game lasted 00:01:09 (671 turns).

galech the Skirmisher (Demonspawn Fighter)           Turns: 671, Time: 00:01:09

Health: 16/29      AC:  6    Str: 13    XL:     3   Next: 5%
Magic:  3/3        EV:  6    Int:  9    God:
Gold:   57         SH:  9    Dex: 13    Spells: 2/2 levels left

rFire    . . .     SeeInvis .   a - +0 war axe
rCold    . . .     Gourm    .   c - +1 shield
rNeg     . . .     Faith    .   b - +0 scale mail
rPois    .         Spirit   .   (no helmet)
rElec    .         Reflect  .   (no cloak)
rCorr    .         Harm     .   (no gloves)
MR       .....                  (no boots)
Stlth    ..........             i - amulet of rage
HPRegen  0.09/turn              j - -3 ring of strength (curse)
MPRegen  0.08/turn              k - ring of attention (curse)

@: mildly poisoned (16 -> 13)
A: claws 1, talons 1
a: Evoke Berserk Rage


You were on level 2 of the Dungeon.
You were not hungry.

You visited 1 branch of the dungeon, and saw 2 of its levels.

You collected 57 gold pieces.

Inventory:

Hand Weapons
 a - a +0 war axe (weapon)
Armour
 b - a +0 scale mail (worn)
 c - a +1 shield (worn)
Jewellery
 i - an amulet of rage (around neck)
 j - a cursed -3 ring of strength (left claw)
 k - a cursed ring of attention (right claw)
Scrolls
 e - a scroll of enchant armour
Potions
 d - 2 potions of might
 h - 2 potions of curing {unknown}
 l - a potion of cancellation
Comestibles
 f - 3 rations
 g - 4 chunks of flesh


   Skills:
 + Level 3.2 Fighting
 + Level 1.9 Axes
 + Level 3.1 Armour
 + Level 3.2 Shields


You had 2 spell levels left.
You didn't know any spells.
Your spell library was empty.

Dungeon Overview and Level Annotations

Branches:
Dungeon (2/15)

Altars:


Innate Abilities, Weirdness & Mutations

You have sharp fingernails.
You have sharp toenails.


Message History

A jackal comes into view.
You closely miss the adder.
The adder is heavily wounded.
You feel sick. You block the adder's attack. The adder barely misses you.
You hit the adder.
The adder is heavily wounded.
The adder bites you. The adder bites you but does no damage.
You slash the adder!
You kill the adder!
Your Shields skill increases to level 3!
You have reached level 3!
Your experience leads to an increase in your attributes!
Your base attributes are Str 16, Int 9, Dex 12.
Increase (S)trength, (I)ntelligence, or (D)exterity?
You feel agile.
Your demonic ancestry asserts itself...
Your toenails lengthen and sharpen.
You feel sick.
A kobold comes into view. It is wielding a +0 dagger.
The jackal bites you.
Are you sure you want to abandon this character and quit the game? (Confirm

# .# # .# # .# .. ####.#
### .# ...<.# #.. ..
.....# #.# .# ###### #.#
.# # ##.#####.####..
############....@hl.......
.........K....####h.###..
############.....#........
# #.....# #.....#.####..#
###.###.# #.......# #
....# #.# #.....### #####
#.# #.....# # #.#
###<.##### #.# #..........


You could see 2 jackals, a kobold (wandering) and a frilled lizard.

Vanquished Creatures
  An adder (D:2)
  A dart slug (D:2)
  A leopard gecko (D:2)
  2 bats (D:1)
  3 goblins (D:1)
  3 hobgoblins
  2 kobolds
  3 frilled lizards
  2 rats
18 creatures vanquished.

Notes
Turn   | Place    | Note
-------+----------+-------------------------------------------
     0 | D:1      | galech the Demonspawn Fighter began the quest for the Orb.
     0 | D:1      | Reached XP level 1. HP: 18/18 MP: 1/1
   215 | D:1      | Gained mutation: You have sharp fingernails. [demonic
                  | ancestry]
   215 | D:1      | Reached XP level 2. HP: 20/24 MP: 2/2
   670 | D:2      | Gained mutation: You have sharp toenails. [demonic
                  | ancestry]
   670 | D:2      | Reached XP level 3. HP: 19/29 MP: 3/3
   671 | D:2      | Quit the game

Vault maps used:
D:1:      lemuel_arrival_broad_hall
D:2:      minmay_roachtagon, uniq_robin, uniq_natasha

Skill      XL: |  1  2 |
---------------+-------+-----
Armour         | 3 |  3.1
Shields        | 3 |  3.2
Fighting       | |  3.2
Axes           | |  1.9

Action                   || total
-------------------------++-------
Melee: War axe           ||    67
  Use: Scroll            ||     2
Armor: Scale mail        ||    47
Dodge: Dodged            ||    23
Block: Shield            ||    29

Table legend:
 A = Non-vault XP
 B = Vault XP
 C = Vault XP percentage of total XP
 D = Non-vault monster count
 E = Vault monster count
 F = Vault count percentage of total count
                 A         B        C        D         E       F
            +---------+---------+-------+---------+---------+-------
      Total |      44 |       0 |   0.0 |      18 |       0 |   0.0
            +---------+---------+-------+---------+---------+-------
        D:1 |      19 |       0 |   0.0 |      11 |       0 |   0.0
        D:2 |      25 |       0 |   0.0 |       7 |       0 |   0.0
            +---------+---------+-------+---------+---------+-------
